 Dungeon Crawl Stone Soup version 0.20.0-8-g6b59dc7 (webtiles) character file.

604 Gorglomux the Skirmisher (level 7, -1/67 HPs)
             Began as a Centaur Fire Elementalist on May 30, 2017.
             Slain by an orc
             ... wielding a +0 club
              (6 damage)
             ... on level 4 of the Dungeon.
             The game lasted 00:49:04 (5684 turns).

Gorglomux the Skirmisher (CeFE)                     Turns: 5684, Time: 00:49:05

Health: -1/67      AC:  4    Str: 10 (11) XL:     7   Next: 18%
Magic:  2/18       EV:  9    Int: 13 (14) God:
Gold:   137        SH:  0    Dex:  7 (9)  Spells: 3/9 levels left

rFire    + . .     SeeInvis .   a - +0 mace
rCold    . . .     Gourm    .   (no shield)
rNeg     . . .     Faith    .   C - +0 robe
rPois    .         Spirit   .   (no helmet)
rElec    .         Reflect  .   (no cloak)
rCorr    .         Harm     .   (no gloves)
MR       .....                  (no barding)
Stlth    +.........             (no amulet)
Regen    0.0/turn               M - ring of magical power
MPRegen  0.2/turn               (no ring)

@: very quick
A: hooves 3, deformed body, fire resistance 1, speed 2, inhibited regeneration,
tough skin 3, weak 1
a: no special abilities


You were on level 4 of the Dungeon.
You were not hungry.

You visited 1 branch of the dungeon, and saw 4 of its levels.

You collected 137 gold pieces.

Inventory:

Hand Weapons
 a - a +0 mace (weapon)
 b - a +0 blowgun
Armour
 C - a +0 robe (worn)
Jewellery
 M - a ring of magical power (left hand)
 Y - a +4 ring of intelligence {unknown}
Scrolls
 E - 2 scrolls of recharging {unknown}
 I - a scroll of random uselessness {unknown}
 J - a scroll of identify {unknown}
 P - 2 scrolls of magic mapping {unknown}
 T - 2 scrolls of teleportation
 U - 2 scrolls of remove curse {unknown}
Potions
 S - a potion of curing
 V - a potion of magic {unknown}
Books
 q - a book of Flames

   Spells                             Type                      Level
   a - Flame Tongue                   Conjuration/Fire             1
   b - Throw Flame                    Conjuration/Fire             2
   c - Conjure Flame                  Conjuration/Fire             3
   d - Inner Flame                    Hexes/Fire                   3
   e - Sticky Flame                   Conjuration/Fire             4
   f - Fireball                       Conjuration/Fire             5
 R - Jessica's Guide on Protection
   (You found it on level 3 of the Dungeon)

   Spells                             Type                      Level
   a - Infusion                       Charms                       1
Comestibles
 c - 2 bread rations
 z - 2 meat rations
 B - 4 fruits


   Skills:
 + Level 7.7 Fighting
 - Level 1.3 Dodging
 - Level 1.1 Stealth
 - Level 1.5 Spellcasting
 - Level 0.8 Conjurations
 - Level 2.6 Fire Magic


You had 3 spell levels left.
You knew the following spells:

 Your Spells              Type           Power        Failure   Level  Hunger
a - Flame Tongue          Conj/Fire      #....        13%         1    ##.....
b - Throw Flame           Conj/Fire      #.....       19%         2    ###....
j - Conjure Flame         Conj/Fire      #.......     36%         3    ####...


Dungeon Overview and Level Annotations

Branches:
Dungeon (4/15)             Temple (0/1) D:4

Altars:
Cheibriados
Dithmenos
Xom

Annotations:
D:3 1 runed door, Fingolfin's ghost, amateur MiBe
D:4 Pikel


Innate Abilities, Weirdness & Mutations

You have hooves in place of feet.
Armour fits poorly on your strangely shaped body.
You cover ground very quickly.
You have extremely tough skin. (AC +3)
Your flesh is heat resistant. (rF+)
You do not regenerate when monsters are visible.
You are weak. (Str -2)


Message History

Unknown command.
Unknown command.
Unknown command.
You closely miss the orc.
The orc is almost dead.
The orc barely misses you. Pikel hits you with a whip of flaming!
* * * LOW HITPOINT WARNING * * *
Pikel burns you.
* * * LOW HITPOINT WARNING * * *
Unknown command.
You barely miss the orc. You kick the orc, but do no damage.
The orc is almost dead.
Pikel says, "You'll feel the lick of my whip!"
Pikel barely misses you. The orc barely misses you.
You barely miss the orc.
The orc is almost dead.
Pikel hits you with a whip of flaming.
* * * LOW HITPOINT WARNING * * *
The orc hits you with a club.
You die...

#.##.##...........#
#.......#.......#..
##<....###.........
#.....####...[###.
#...........#.....
#...........#####.
#...........#####.
###o#......[.##....
###.@.#........##.###
##.#K#####......##.#
##.#Op..#........##.#
##K###.#.#.#########.#
#.## ##....# #.#
##.###.##.##### #.#
######## ###Z#.#.......#
#.# .......#
#..p....#####.######.###
.#####.###..###..#
#...........


You could see Pikel, an ogre, a slave and an orc.

Vanquished Creatures
  3 slaves (D:4)
  An ogre (D:4)
  2 scorpions (D:4)
  2 orc priests
  Jessica (D:3)
  An iguana (D:4)
  3 orc wizards
  2 worker ants
  A gnoll (D:3)
  6 adders
  An ooze (D:2)
  4 worms (D:3)
  A dart slug (D:1)
  2 leopard geckos (D:4)
  20 orcs
  2 giant cockroaches
  8 goblins
  5 hobgoblins
  3 jackals (D:1)
  7 kobolds
  A quokka (D:3)
  A ball python (D:4)
  A ball python skeleton (D:4)
  3 bats (D:1)
  6 frilled lizards
  11 rats
98 creatures vanquished.

Vanquished Creatures (others)
  A fire vortex (D:3)
  2 fungi (D:3)
3 creatures vanquished.

Grand Total: 101 creatures vanquished

Notes
Turn   | Place    | Note
-------+----------+-------------------------------------------
     0 | D:1      | Gorglomux the Centaur Fire Elementalist began the quest for the Orb.
     0 | D:1      | Reached XP level 1. HP: 14/14 MP: 3/3
   109 | D:1      | Reached skill level 1 in Fighting
   384 | D:1      | Reached XP level 2. HP: 22/23 MP: 0/4
   513 | D:1      | Reached skill level 2 in Fighting
  1318 | D:2      | Reached XP level 3. HP: 26/30 MP: 1/5
  1884 | D:2      | Reached skill level 3 in Fighting
  2192 | D:3      | Found a snail-covered altar of Cheibriados.
  2192 | D:3      | Found a shimmering altar of Xom.
  2273 | D:3      | Reached XP level 4. HP: 12/40 MP: 1/6
  2559 | D:3      | Learned a level 3 spell: Conjure Flame
  2564 | D:3      | Reached skill level 4 in Fighting
  2686 | D:3      | Noticed Jessica
  2697 | D:3      | Killed Jessica
  2737 | D:3      | Identified Jessica's Guide on Protection
  2846 | D:3      | Reached XP level 5. HP: 13/47 MP: 7/7
  2899 | D:3      | Gained mutation: You are weak. (Str -2) [potion of mutation]
  2899 | D:3      | Gained mutation: You are dopey. (Int -2) [potion of mutation]
  2899 | D:3      | Gained mutation: You are agile. (Dex +2) [potion of mutation]
  2906 | D:3      | Reached skill level 5 in Fighting
  3126 | D:3      | Found a runed door.
  3282 | D:3      | Noticed Fingolfin's ghost (amateur MiBe)
  3608 | D:3      | Learned a level 2 spell: Throw Flame
  4009 | D:3      | Reached skill level 6 in Fighting
  4009 | D:3      | Reached XP level 6. HP: 29/57 MP: 6/8
  4349 | D:4      | Found a shadowy altar of Dithmenos.
  4776 | D:4      | Reached skill level 7 in Fighting
  4979 | D:4      | Found a staircase to the Ecumenical Temple.
  4979 | D:4      | Noticed a slave
  4980 | D:4      | Noticed Pikel
  4980 | D:4      | Noticed a slave
  4981 | D:4      | Noticed a slave
  4981 | D:4      | Noticed a slave
  4999 | D:4      | Reached XP level 7. HP: 21/66 MP: 2/9
  5671 | D:4      | Lost mutation: You are agile. (Dex +2) [potion of mutation]
  5671 | D:4      | Lost mutation: You are dopey. (Int -2) [potion of mutation]
  5671 | D:4      | Gained mutation: You do not regenerate when monsters are visible. [potion of mutation]
  5671 | D:4      | Gained mutation: Your flesh is heat resistant. (rF+) [potion of mutation]
  5684 | D:4      | Slain by an orc

Skill      XL: |  1  2  3  4  5  6 |
---------------+-------------------+-----
Fighting       | 1 2 3 4 6 7 |  7.7
Dodging        | |  1.3
Stealth        | |  1.1
Spellcasting   | |  1.5
Conjurations   | |  0.8
Fire Magic     | |  2.6

Action                   |  1- 3 |  4- 6 |  7- 9 || total
-------------------------+-------+-------+-------++-------
Melee: Mace              |    59 |    26 |     9 ||    94
       Unarmed           |     3 |       |       ||     3
       Kick              |     6 |     7 |     4 ||    17
 Fire: Blowgun           |       |    16 |    33 ||    49
 Cast: Flame Tongue      |    55 |   142 |    44 ||   241
       Conjure Flame     |       |     7 |     1 ||     8
       Throw Flame       |       |     2 |       ||     2
  Use: Potion            |       |     4 |     1 ||     5
       Scroll            |       |     1 |       ||     1
 Stab: Sleeping          |     1 |       |       ||     1
  Eat: Chunk             |     4 |    14 |     4 ||    22
       Fruit             |       |       |     1 ||     1
Armor: Robe              |    33 |    27 |     8 ||    68
Dodge: Dodged            |    42 |    47 |    18 ||   107
